 Dungeon Crawl Stone Soup version 0.25-a0-258-g6d7e32a812 (webtiles) character file.

Game seed: 6110168379753300145, levelgen mode: deterministic

352 bmfx the Vexing (level 6, -2/33 HPs)
             Began as a Deep Elf Arcane Marksman on Dec 6, 2019.
             Killed from afar by an orc wizard (4 damage)
             ... with a magic dart
             ... on level 4 of the Dungeon.
             The game lasted 00:13:37 (5946 turns).

bmfx the Vexing (Deep Elf Arcane Marksman)          Turns: 5946, Time: 00:13:37

Health: -2/33      AC:  4    Str: 11    XL:     6   Next: 35%
Magic:  9/12       EV: 12    Int: 19    God:
Gold:   136        SH:  6    Dex: 16    Spells: 8/11 levels left

rFire    . . .     SeeInvis .   a - +0 hand crossbow
rCold    . . .     Gourm    .   o - +2 buckler
rNeg     . . .     Faith    .   i - +1 leather armour
rPois    .         Spirit   .   (no helmet)
rElec    .         Reflect  .   (no cloak)
rCorr    .         Harm     .   (no gloves)
MR       .....                  (no boots)
Stlth    ++........             (no amulet)
HPRegen  0.11/turn              m - +4 ring of strength
MPRegen  0.13/turn              g - ring of wizardry

@: about to teleport, hasted, very quick
A: no striking features
a: no special abilities


You were on level 4 of the Dungeon.
You were not hungry.

You visited 1 branch of the dungeon, and saw 4 of its levels.

You collected 136 gold pieces.

Dungeon Overview and Level Annotations

Branches:
Dungeon (4/15)
 Temple: D:4-7

Altars:
Sif Muna

Annotations:
D:2 Sigmund
D:3 exclusions: door and 2 orc wizards
D:4 2 transporters


   Skills:
 - Level 0.7 Fighting
 + Level 2.3 Short Blades
 + Level 3.2 Crossbows
 - Level 2.4 Dodging
 * Level 3.9 Stealth
 * Level 2.0 Shields
 - Level 3.2 Spellcasting
 - Level 4.5 Hexes


You had 8 spell levels left.
You knew the following spells:

 Your Spells              Type           Power        Failure   Level  Hunger
A - Corona                Hex            ###....      1%          1    None
B - Slow                  Hex            ###.....     2%          2    ##.....

Your spell library contained the following spells:

 Spells                   Type           Power        Failure   Level  Hunger
 Inner Flame              Hex/Fire       ##......     12%         3    ###....
 Portal Projectile        Hex/Tloc       ##....       12%         3    ###....
 Cause Fear               Hex            ###.......   16%         4    ####...
 Leda's Liquefaction      Hex/Erth       ##........   34%         4    ####...

Action                   |  1- 3 |  4- 6 || total
-------------------------+-------+-------++-------
Melee: Dagger            |   137 |     1 ||   138
 Fire: Hand crossbow     |    85 |   100 ||   185
 Cast: Corona            |    40 |    27 ||    67
       Slow              |    28 |    24 ||    52
  Use: Scroll            |     3 |     6 ||     9
       Potion            |     1 |     2 ||     3
 Stab: Sleeping          |     1 |       ||     1
  Eat: Chunk             |     7 |     5 ||    12
       Ration            |     1 |     1 ||     2
Armor: Robe              |     4 |       ||     4
       Leather armour    |    42 |     4 ||    46
       Skin              |     1 |       ||     1
Dodge: Dodged            |    86 |    28 ||   114
Block: Buckler           |       |    13 ||    13

Skill      XL: |  1  2  3  4  5  6 |
---------------+-------------------+-----
Crossbows      | 2 3 |  3.2
Spellcasting   | 2 3 |  3.2
Short Blades   | 1 2 |  2.3
Stealth        | 2 3 |  3.9
Shields        | 1 2 |  2.0
Fighting       | |  0.7
Dodging        | |  2.4
Hexes          | |  4.5

Inventory:

Hand Weapons
 a - a +0 hand crossbow (weapon)
 b - a +0 dagger
Missiles
 d - 69 bolts (quivered)
Armour
 i - a +1 leather armour (worn)
 o - a +2 buckler (worn)
Jewellery
 g - a ring of wizardry (right hand)
 m - a +4 ring of strength (left hand)
 n - an uncursed ring of stealth
Scrolls
 l - a scroll of immolation
 q - a scroll of remove curse {@r4}
Potions
 e - 3 potions of curing {@q2}
 k - a potion of agility
 r - a potion of magic
Comestibles
 f - 7 rations

.........'.......#≈[
.........#.......#;.
######.##.......#≈.
###.###+####.#≈. .. .....
#...#....# ..### .........
#...'....# ..#P. #...##..#
#######.## .#8.
####...##..#######...###.###..###
................@oo...#....#.....
..)...................#)...#.....
................(.....#....#.....
............((...((..>'....# ...
......................#....# ...
####..###..#############'########
..##..###'### ...........)....
O.#...#.....# ................
..#...#.....# ................


You could see an orc priest (inner flame) and an orc wizard (inner flame).

Vanquished Creatures
  An ogre (D:4)
  A howler monkey (D:4)
  A hound (D:4)
  An orc wizard (D:4)
  A worker ant (D:4)
  An adder (D:4)
  6 gnolls
  2 oozes
  4 worms
  2 dart slugs (D:2)
  3 leopard geckos (D:1)
  4 orcs
  3 bats
  5 giant cockroaches
  7 goblins
  7 hobgoblins
  2 jackals (D:3)
  2 quokkas
  2 ball pythons
  3 frilled lizards
  A jackal skeleton (D:4)
  3 kobolds
  4 rats
66 creatures vanquished.

Levels and vault maps discovered:
D:1:      sevenhm_arrival_forest_fort_large_4, layout_basic
D:2:      layout_loops_ring, first_ration, small_statue_intersection,
          uniq_sigmund
D:3:      cheibrodos_old_hovel, layout_loops_ring, led_sif_book
D:4:      gammafunk_steamed_eel, layout_gridville, zin_statuary


Message History

The orc wizard flickers and vanishes!
Deactivating autopickup; reactivate with Ctrl-A.
You block the orc wizard's attack.
The orc wizard stops glowing.
The orc wizard points at you and mumbles some strange words.
You resist with some effort.
A puff of flame appears from out of thin air!
The puff of flame hits you!
As you read the scroll labeled TAMELL MIUMIFI, it crumbles to dust.
It is a scroll of enchant armour.
Your +0 leather armour glows green for a moment.
The orc priest looks encouraged for a moment.
As you read the scroll labeled RELEIRORAE, it crumbles to dust.
You feel strangely unstable.
It was a scroll of teleportation.
A puff of flame appears from out of thin air!
The puff of flame hits you!
* * * LOW HITPOINT WARNING * * *
The orc wizard gestures at you while chanting.
The magic dart hits you.
You die...

Notes
Turn   | Place    | Note
-------+----------+-------------------------------------------
     0 | D:1      | bmfx the Deep Elf Arcane Marksman began the quest for the
                  | Orb.
     0 | D:1      | Reached XP level 1. HP: 11/11 MP: 5/5
   344 | D:1      | Reached XP level 2. HP: 16/16 MP: 5/7
   411 | D:1      | Learned a level 2 spell: Slow
  1677 | D:2      | Reached XP level 3. HP: 20/20 MP: 6/8
  1692 | D:2      | Noticed Sigmund
  3190 | D:3      | Reached skill level 1 in Short Blades
  3837 | D:3      | Reached XP level 4. HP: 24/24 MP: 10/10
  3951 | D:3      | Reached skill level 1 in Stealth
  4212 | D:3      | Found a shimmering blue altar of Sif Muna.
  5008 | D:4      | Noticed an ogre
  5279 | D:4      | Reached skill level 1 in Shields
  5279 | D:4      | Reached XP level 5. HP: 18/28 MP: 7/11
  5442 | D:4      | Found a transporter.
  5450 | D:4      | Found a transporter.
  5625 | D:4      | Killed an ogre
  5625 | D:4      | Reached XP level 6. HP: 30/33 MP: 5/12
  5946 | D:4      | Killed from afar by an orc wizard
